 Dungeon Crawl Stone Soup version 0.17.2-1-ge4368a0 (webtiles) character file.

224 Charly the Insei (level 6, -2/30 HPs)
             Began as a Vine Stalker Assassin on July 2, 2017.
             Slain by an iguana (13 damage)
             ... on level 6 of the Dungeon.
             The game lasted 00:06:40 (431 turns).

Charly the Insei (Vine Stalker Assassin)             Turns: 431, Time: 00:06:40

Health: -2/30      AC:  1    Str: 15    XL:     6   Next: 0%
Magic:  0/7        EV: 11    Int: 11    God:
Gold:   26         SH:  0    Dex: 16    Spells: 0 memorised, 5 levels left

rFire  + . .     SeeInvis .       - Unarmed
rCold  . . .     Clarity  .     (no armour)
rNeg   . . .     SustAt   .     (no shield)
rPois  .         Gourm    .     (no helmet)
rElec  .         Spirit   +     d - +0 cloak
rCorr  .         Warding  .     (no gloves)
rMut   .         Stasis   .     (no boots)
MR     .....                    (no amulet)
Stlth  +++.......               (no ring)
                                r - ring of protection from fire

@: not resistant to hostile enchantments, fairly stealthy
A: fangs 2, regeneration 2, magic shield, antimagic bite, no device heal 3, rot
immunity
a: no special abilities


You were on level 6 of the Dungeon.
You were not hungry.

You visited 1 branch of the dungeon, and saw 6 of its levels.

You collected 26 gold pieces.

Inventory:

Hand Weapons
 a - a +2 dagger
 b - a +0 blowgun
Missiles
 e - 11 poisoned needles
 f - 2 curare-tipped needles
Armour
 c - a +0 robe
 d - a +0 cloak (worn)
 m - the +3 leather armour "Bilez" {rN+ MR++ rCorr Slay-6}
   (You found it on level 6 of the Dungeon)

   It affects your accuracy and damage with ranged weapons and melee attacks
   (-6).
   It protects you from negative energy.
   It affects your resistance to hostile enchantments.
   It protects you from acid and corrosion.
Jewellery
 r - a ring of protection from fire (left hand)
Scrolls
 h - 2 scrolls of recharging
 l - 3 scrolls of identify {unknown}
 n - a scroll of magic mapping {unknown}
 p - 2 scrolls of blinking {unknown}
Potions
 i - 2 potions of mutation {unknown}
 j - a potion of invisibility {unknown}
 o - a potion of brilliance {unknown}
Miscellaneous
 q - a plain deck of defence
Comestibles
 g - a bread ration
 k - a meat ration


   Skills:
 + Level 2.2 Fighting
 - Level 1.7 Short Blades
 - Level 1.7 Throwing
 - Level 0.7 Dodging
 - Level 4.8 Stealth
 + Level 5.3 Unarmed Combat


You had 5 spell levels left.
You didn't know any spells.

Dungeon Overview and Level Annotations

Branches:
Dungeon (6/15)
 Temple: D:4-7

Altars:
Nemelex Xobeh
The Shining One


Innate Abilities, Weirdness & Mutations

You have extremely sharp teeth.
You heal very quickly.
When hurt, damage is shared between your health and your magic reserves.
Your bite disrupts and absorbs the magic of your enemies.
Potions and wands cannot restore your health.
You are immune to rotting.


Message History

You hit the iguana but do no damage. Your bite misses the iguana.
The iguana is moderately wounded.
The iguana completely misses you.
You hit the iguana but do no damage. You bite the iguana, but do no damage.
The iguana is moderately wounded.
You hit the iguana but do no damage. Your bite misses the iguana.
The iguana is moderately wounded.
The iguana bites you!
* * * LOW HITPOINT WARNING * * *
You hit the iguana but do no damage. Your bite misses the iguana.
The iguana is moderately wounded.
The iguana closely misses you.
You hit the iguana.
The iguana is moderately wounded.
The iguana bites you.
* * * LOW HITPOINT WARNING * * *
You closely miss the iguana.
The iguana is moderately wounded.
The iguana bites you!
You die...

## ##'# .#
.##..##.###
'.......' #.......#
#....... #..##.# ##
####..##.##.#
#..l@.......#
+...........#
#...........+
###...##....######
##..$##....##...###
#........(..#.....#
#...........#.....#
#...........#.....#
###..###...##...#


You could see an iguana.

Vanquished Creatures
  2 ogres (D:4)
  A centaur skeleton (D:6)
  A worker ant (D:6)
  A shadow imp (D:5)
  An adder (D:4)
  An orc (D:4)
  A bat (D:2)
  A giant cockroach (D:1)
  A kobold (D:1)
  A quokka (D:2)
11 creatures vanquished.

Notes
Turn   | Place    | Note
--------------------------------------------------------------
     0 | D:1      | Charly the Vine Stalker Assassin began the quest for the Orb.
     0 | D:1      | Reached XP level 1. HP: 11/11 MP: 2/2
   130 | D:2      | Reached skill level 1 in Unarmed Combat
   186 | D:4      | Reached XP level 2. HP: 15/15 MP: 3/3
   199 | D:4      | Noticed an ogre
   208 | D:4      | Killed an ogre
   208 | D:4      | Reached XP level 3. HP: 18/18 MP: 4/4
   208 | D:4      | Reached XP level 4. HP: 23/23 MP: 5/5
   224 | D:4      | Noticed an ogre
   234 | D:4      | Killed an ogre
   234 | D:4      | Reached skill level 5 in Unarmed Combat
   234 | D:4      | Reached XP level 5. HP: 26/26 MP: 6/6
   240 | D:5      | Entered Level 5 of the Dungeon
   288 | D:6      | Found a glowing golden altar of the Shining One.
   308 | D:6      | Got a faintly humming leather armour
   319 | D:6      | Identified the +3 leather armour "Bilez" {rN+ MR++ rCorr Slay-6} (You found it on level 6 of the Dungeon)
   385 | D:6      | Found a sparkling altar of Nemelex Xobeh.
   399 | D:6      | Gained mutation: You heal very quickly. [Vine Stalker growth]
   399 | D:6      | Reached XP level 6. HP: 15/30 MP: 4/7
   431 | D:6      | Slain by an iguana

Action                   |  1- 3 |  4- 6 || total
-------------------------+-------+-------++-------
Melee: Dagger            |    21 |    11 ||    32
       Unarmed           |       |     7 ||     7
 Fire: Blowgun           |     7 |     7 ||    14
  Use: Scroll            |     1 |       ||     1
 Stab: Sleeping          |     1 |     1 ||     2
